[Event "Team 45 45 League T56"]
[Site "Internet Chess Club"]
[Date "2013.03.03"]
[Round "2"]
[White "bookseller"]
[Black "elessar"]
[Result "0-1"]
[WhiteElo "1655"]
[BlackElo "1619"]
[Opening "Sicilian: Smith-Morra gambit"]
[ECO "B21"]
[Time "14:01:51"]
[TimeControl "2700+45"]

1. e4 c5 2. d4 cxd4 3. c3 Nf6 4. e5 Nd5 5. Nf3 e6 6. cxd4 d6 7. Bc4 Nc6 8. exd6
Qxd6 9. O-O Be7 10. Nc3 O-O 11. Nxd5 exd5 12. Bb3 Bf5 13. h3 h6 14. Be3 Rad8 15.
Qd2 Qg6 16. g4 Bxg4 17. hxg4 Qxg4+ 18. Kh1 Qxf3+ 19. Kg1 Qg4+ 20. Kh1 Qf3+ 21.
Kg1 Bg5 22. Bxg5 Qg4+ 23. Kh1 Qh5+ 24. Bh4 Qxh4+ 25. Kg2 Qg5+ 26. Qxg5 hxg5 27.
Rac1 Nxd4 28. Rc7 Nxb3 29. axb3 f6 30. Rxb7 Rf7 31. Rb5 d4 32. Rc5 d3 33. Rd1 d2
34. Rc2 Rb7 35. Rcxd2 Rxd2 36. Rxd2 Rxb3 37. Rd7 Rxb2 38. Rxa7 Rb4 39. Rc7 Kh7
40. Rd7 Kg6 41. Ra7 Re4 42. Rb7 Re6 43. Rc7 f5 44. Ra7 Rf6 45. Kg3 Re6 46. Ra5
Kf6 47. Rb5 g6 48. Ra5 Rd6 49. Rb5 Ke6 50. Ra5 Kf6 51. Rb5 Rd3+ 52. Kg2 g4 53.
Ra5 Kg5 54. Rb5 Rd6 55. Kg3 Kf6 56. Kh4 Re6 57. Ra5 Re2 58. Kg3 Kg5 59. Rb5 Re7
60. Ra5 Rh7 61. Rb5 Rh3+ 62. Kg2 Kh4 63. Rb8 Rd3 64. Rb6 Kg5 65. Rb5 Kf6 66.
Rb6+ Kf7 67. Rb7+ Ke6 68. Rb6+ Rd6 69. Rb5 g5 70. Ra5 Kf6 71. Kg3 Rd3+ 72. Kg2
f4 73. Ra6+ Ke5 74. Rg6 Kf5 75. Rg8 Rd2 76. Rf8+ Kg6 77. Rg8+ Kf6 78. Rf8+ Kg7
79. Rf5 Kg6 80. Rf8 g3 81. Rg8+ Kf6 82. Rf8+ Kg7 83. Rf5 Kg6 84. Rf8 Rxf2+ 85.
Kg1 f3 86. Rg8+ Kf5 87. Ra8 Rd2 88. Ra1 Ke4 89. Re1+ Re2 90. Rd1 f2+ 91. Kf1
Re1+ 92. Rxe1+ fxe1=Q+ 93. Kxe1 Ke3 94. Kf1 Kf3 95. Kg1 g2 96. Kh2 Kf2 97. Kh3
g1=R 98. Kh2 Rg3 99. Kh1 Rh3# {White checkmated} 0-1

[Event "Team 45 45 League T56"]
[Site "Internet Chess Club"]
[Date "2013.03.03"]
[Round "2"]
[White "CorvusCorax"]
[Black "pkraus"]
[Result "1-0"]
[WhiteElo "1588"]
[BlackElo "1576"]
[Opening "Caro-Kann: exchange, Rubinstein variation"]
[ECO "B13"]
[Time "10:06:38"]
[TimeControl "2700+45"]

1. e4 c6 2. d4 d5 3. exd5 cxd5 4. Bd3 Nc6 5. c3 Nf6 6. Bf4 e6 7. Nf3 Bd6 8. Bxd6
Qxd6 9. Nbd2 O-O 10. O-O e5 11. dxe5 Nxe5 12. Nxe5 Qxe5 13. Nf3 Qd6 14. Qb3 b6
15. Qa4 Bd7 16. Qd4 b5 17. Bc2 a5 18. h3 Rac8 19. Rfd1 Rfe8 20. Re1 Rc4 21.
Rxe8+ Bxe8 22. Qe5 Rc6 23. Rd1 Bd7 24. Qxd6 Rxd6 25. Nd4 Kf8 26. Re1 g6 27. f3
Ne8 28. Kf2 Nc7 29. Kg3 Ne6 30. Nxe6+ Bxe6 31. Rd1 Ke7 32. Kf4 Kd7 33. Ke5 Ke7
34. Bb3 f6+ 35. Kd4 a4 36. Bc2 Rc6 37. Bd3 b4 38. cxb4 Kd6 39. a3 Bf5 40. Bb5
Rc2 41. Bxa4 Rxb2 42. g4 Be6 43. Kc3 Rf2 44. Rd3 g5 45. Bb5 Rh2 46. a4 Rxh3 47.
Be8 Rh1 48. a5 Rc1+ 49. Kb2 Rc8 50. Ba4 Ra8 51. Rc3 Bd7 52. Bxd7 Kxd7 53. Kb3
Kd6 54. Ka4 d4 55. Rd3 Kd5 56. Kb5 Rb8+ 57. Ka4 Kc4 58. Rb3 d3 59. b5 d2 60.
Rb4+ Kc3 61. Rb1 Kc2 62. Rh1 d1=Q 63. Rxd1 Kxd1 64. b6 Kc2 65. Kb5 Rd8 66. a6
Rd5+ 67. Kc6 Ra5 68. Kb7 Re5 69. a7 Re7+ 70. Ka6 Re3 71. a8=Q Ra3+ 72. Kb7 Rxa8
73. Kxa8 {Black resigns} 1-0

[Event "Team 45 45 League T56"]
[Site "Internet Chess Club"]
[Date "2013.03.02"]
[Round "2"]
[White "BotanicalKnight"]
[Black "ricnic"]
[Result "0-1"]
[WhiteElo "1447"]
[BlackElo "1445"]
[Opening "Caro-Kann defense"]
[ECO "B10"]
[Time "12:00:36"]
[TimeControl "2700+45"]

1. e4 c6 2. g3 d5 3. e5 Bf5 4. d3 e6 5. Bg2 Nd7 6. f4 c5 7. Nc3 Ne7 8. g4 Bg6 9.
Nf3 Nc6 10. O-O Be7 11. a3 O-O 12. Bd2 Qc7 13. Rc1 a6 14. Qe1 Rac8 15. Qg3 Qd8
16. g5 Nd4 17. h4 Nxf3+ 18. Bxf3 Qb6 19. h5 Bf5 20. g6 fxg6 21. hxg6 Bxg6 22.
Kg2 c4 23. Bxd5 exd5 24. Nxd5 Qe6 25. Nxe7+ Qxe7 26. Bb4 Nc5 27. d4 a5 28. Bxc5
Rxc5 29. dxc5 Qxc5 30. Qf2 Be4+ 31. Kg1 Qc6 32. Qg3 Qh6 33. Rcd1 Bxc2 34. Rc1
Bd3 35. Rf2 b5 36. Re1 Bf5 37. Rh2 Qb6+ 38. Qf2 Qc6 39. Rd1 Bd3 40. Qh4 Qe4 41.
Rf2 b4 42. axb4 axb4 43. Qg3 Rf5 44. Qh4 Rf8 45. Qg3 Qc6 46. Qh4 Be4 47. Rd6 Qc7
48. Rfd2 Bd3 49. Qg3 Qa7+ 50. Kh2 Qf7 51. Rf2 Bf5 52. Qh4 c3 53. bxc3 bxc3 54.
Rd8 c2 55. Rxf8+ Qxf8 56. Rf1 Qc8 57. Rc1 h6 58. Qg3 Qd8 59. Qb3+ Kh7 60. Qe3
Qh4+ 61. Kg1 Qd8 62. Kf2 Qd5 63. Kg3 Qd1 64. Qe1 Qg4+ 65. Kh2 Qxf4+ 66. Kg1 Qg4+
67. Kh2 Be4 68. Qg3 Qe2+ 69. Kg1 Qd1+ 70. Qe1 Qd4+ 71. Kh2 Qxe5+ 72. Kg1 Qd4+
73. Kh2 Qe5+ 74. Kg1 Qg5+ 75. Kf2 Qg2+ 76. Ke3 Bg6 77. Qf2 Qg5+ 78. Qf4 Qxf4+
79. Kxf4 Kg8 80. Kg4 Bh7 81. Kh5 Bd3 82. Kh4 g5+ 83. Kg4 Kg7 84. Kg3 Kg6 85. Kh2
h5 86. Kg3 h4+ 87. Kh2 Kh5 88. Kg1 g4 89. Kh2 g3+ 90. Kg1 h3 91. Ra1 Kg4 92.
Ra4+ Kf3 93. Rf4+ Kxf4 94. Kh1 c1=Q# {White checkmated} 0-1

[Event "Team 45 45 League T56"]
[Site "Internet Chess Club"]
[Date "2013.03.02"]
[Round "2"]
[White "chiiwen"]
[Black "Shijith"]
[Result "1/2-1/2"]
[WhiteElo "2114"]
[BlackElo "2033"]
[Opening "French: Tarrasch, closed variation, main line"]
[ECO "C06"]
[Time "12:00:39"]
[TimeControl "2700+45"]

1. e4 e6 2. d4 d5 3. Nd2 Nf6 4. e5 Nfd7 5. Bd3 c5 6. c3 Nc6 7. Ne2 cxd4 8. cxd4
f6 9. exf6 Nxf6 10. O-O Bd6 11. Nf3 O-O 12. Bf4 Bxf4 13. Nxf4 Qc7 14. g3 Qb6 15.
b3 Kh8 16. Bc2 Bd7 17. Rc1 Rae8 18. Bb1 e5 19. dxe5 Nxe5 20. Nxe5 Rxe5 21. Qd2
Bc6 22. Rcd1 Rfe8 23. Qd4 Qxd4 24. Rxd4 Ne4 25. Bxe4 Rxe4 26. Rfd1 Rxd4 27. Rxd4
g5 28. Nd3 a5 29. Kf1 Kg7 30. f3 Kf6 31. Kf2 Re7 32. f4 gxf4 33. Nxf4 Ke5 34.
Rd2 d4 35. Re2+ Be4 36. Ke1 Rc7 37. Nd3+ Kd5 38. Nf4+ Ke5 39. Nd3+ Kd5 40. Nf4+
{Game drawn by mutual agreement} 1/2-1/2

[Event "Team 45 45 League T56"]
[Site "Internet Chess Club"]
[Date "2013.03.01"]
[Round "2"]
[White "seikster"]
[Black "Sir-Sinister"]
[Result "1/2-1/2"]
[WhiteElo "1928"]
[BlackElo "1979"]
[Opening "Sicilian: Pelikan, Chelyabinsk variation"]
[ECO "B33"]
[Time "20:04:56"]
[TimeControl "2700+45"]

1. e4 c5 2. Nf3 Nc6 3. d4 cxd4 4. Nxd4 Nf6 5. Nc3 e5 6. Ndb5 d6 7. Bg5 a6 8. Na3
b5 9. Bxb5 axb5 10. Naxb5 Ba6 11. a4 Be7 12. Bxf6 Bxf6 13. Nxd6+ Ke7 14. Nf5+
Kf8 15. Qxd8+ Bxd8 16. O-O-O g6 17. Ne3 Nd4 18. Rhe1 Kg7 19. Ned5 f6 20. b4 Rc8
21. Kb2 Bc4 22. Rd2 {Game drawn by mutual agreement} 1/2-1/2

[Event "Team 45 45 League T56"]
[Site "Internet Chess Club"]
[Date "2013.03.03"]
[Round "2"]
[White "Bonneville"]
[Black "Nb4"]
[Result "1-0"]
[WhiteElo "1910"]
[BlackElo "1888"]
[Opening "Caro-Kann: exchange variation"]
[ECO "B13"]
[Time "12:02:02"]
[TimeControl "2700+45"]

1. d4 d5 2. e4 c6 3. exd5 cxd5 4. Be3 Nf6 5. a4 Nc6 6. Nc3 a6 7. Rc1 e6 8. Bd3
Bd7 9. h3 Rc8 10. h4 Bd6 11. Nh3 Bb4 12. Rb1 Bxc3+ 13. bxc3 Na5 14. Rb4 Rxc3 15.
O-O Ra3 16. Qb1 O-O 17. Bg5 Rxa4 18. Bxf6 Qxf6 19. Rxa4 Bxa4 20. Qb4 Bc6 21.
Bxh7+ Kxh7 22. Qxf8 Nc4 23. Ng5+ Kg6 24. Re1 Nd2 25. Re5 Ne4 26. h5+ Kxh5 27.
Qh8+ Kg4 28. Qh3+ Kf4 29. Qf3# {Black checkmated} 1-0

[Event "Team 45 45 League T56"]
[Site "Internet Chess Club"]
[Date "2013.03.03"]
[Round "2"]
[White "bat30"]
[Black "bahamapapa"]
[Result "1-0"]
[WhiteElo "1852"]
[BlackElo "1821"]
[Opening "Robatsch defense"]
[ECO "B06"]
[Time "22:00:23"]
[TimeControl "2700+45"]

1. e4 g6 2. d4 Bg7 3. Nc3 c6 4. Nf3 d5 5. e5 Bg4 6. h3 Bxf3 7. Qxf3 e6 8. Be3
Qb6 9. O-O-O Nd7 10. Bd3 Ne7 11. g4 Rf8 12. Qg3 h6 13. f4 Rg8 14. Rhf1 O-O-O 15.
Qh4 Rde8 16. Qf2 Qc7 17. f5 gxf5 18. gxf5 exf5 19. Bxf5 Qd8 20. Bg4 Ref8 21. Qd2
Rh8 22. Rg1 Rfg8 23. e6 fxe6 24. Bxe6 Re8 25. Rxg7 Kb8 26. Bxh6 Nf8 27. Bg4 Ka8
28. Bg5 Qd6 29. Re1 Nfg6 30. Re6 Qg3 31. Bxe7 Nf4 32. Ne2 Nxe2+ 33. Qxe2 Qg1+
34. Qd1 Qg3 35. Qe1 Qf4+ 36. Kb1 Qxd4 37. Rf7 c5 38. Bf6 Rxe6 39. Bxe6 Qc4 40.
Bxh8 {Black resigns} 1-0

[Event "Team 45 45 League T56"]
[Site "Internet Chess Club"]
[Date "2013.03.03"]
[Round "2"]
[White "grattage"]
[Black "eurander"]
[Result "1-0"]
[WhiteElo "1681"]
[BlackElo "2111"]
[Opening "QGD semi-Slav: 5...Nd7"]
[ECO "D45"]
[Time "15:00:32"]
[TimeControl "2700+45"]

1. Nf3 d5 2. e3 c6 3. c4 Nf6 4. Nc3 e6 5. d4 Nbd7 6. Bd2 Be7 7. a3 O-O 8. b4 Ne4
9. Nxe4 dxe4 10. Ne5 Nxe5 11. dxe5 c5 12. Qc2 Bd7 13. Qxe4 Bc6 14. Qc2 f5 15. b5
Be4 16. Qb2 Bh4 17. Rg1 Qc7 18. g3 Be7 19. Be2 Rfd8 20. f3 Bd3 21. Bc3 Bg5 22.
Kf2 Rd7 23. Rad1 Rad8 24. Rxd3 Rxd3 25. Bxd3 Rxd3 26. f4 Be7 27. Qc2 Qd8 28. Ke2
Rd7 29. e4 fxe4 30. Qxe4 Qe8 31. g4 a6 32. bxa6 bxa6 33. Rb1 Rd8 34. h3 Qa4 35.
f5 Bg5 36. f6 Bh6 37. h4 {Black resigns} 1-0

[Event "Team 45 45 League T56"]
[Site "Internet Chess Club"]
[Date "2013.03.05"]
[Round "2"]
[White "UsuallySleepy"]
[Black "chrisgu"]
[Result "1/2-1/2"]
[WhiteElo "1918"]
[BlackElo "2005"]
[Opening "Pirc: Austrian attack, 6.Be3"]
[ECO "B07"]
[Time "00:01:18"]
[TimeControl "2700+45"]

1. e4 d6 2. d4 g6 3. Nc3 Bg7 4. f4 Nf6 5. Nf3 O-O 6. Be3 a6 7. Bd3 b5 8. O-O Bb7
9. Qe1 Nbd7 10. Bd2 c5 11. e5 Nd5 12. Be4 cxd4 13. Nxd5 Nc5 14. Ba5 Qb8 15.
Nxe7+ Kh8 16. Bxb7 Nxb7 17. Bb4 Re8 18. Nc6 Qc7 19. Ncxd4 dxe5 20. fxe5 Rad8 21.
Qc3 Qb6 22. Rad1 a5 23. Qc6 Qxc6 24. Nxc6 Rxd1 25. Rxd1 axb4 26. Nxb4 Bxe5 27.
Nxe5 Rxe5 28. Rd7 Nc5 29. Rxf7 Re4 30. a3 Na4 31. b3 Nc3 32. Rc7 Nd1 33. Kf1
Ne3+ 34. Kf2 h5 35. h3 h4 36. Kf3 Re6 37. Rc6 Re7 38. Rxg6 Kh7 39. Rg5 Kh6 40.
Rxb5 Re6 41. Rc5 Re8 42. Nd5 Nf5 43. Rc6+ Kg5 44. Rc4 Rf8 45. Rg4+ Kh5 46. Ke4
Ng3+ 47. Kd3 Rd8 48. Kc4 Nf5 49. Nf4+ Kh6 50. Kc3 Rc8+ 51. Kd3 Rd8+ 52. Kc3 Rc8+
53. Kd3 Rd8+ 54. Ke4 Ng3+ 55. Kf3 Nf5 56. Nd3 Rf8 57. Rf4 Kg5 58. c3 Re8 59. Re4
Rf8 60. Rf4 Re8 61. Re4 Rf8 62. Rg4+ Kf6 63. a4 Re8 64. Re4 Rg8 65. Rg4 Re8 66.
Re4 Rg8 {Game drawn by mutual agreement} 1/2-1/2

[Event "Team 45 45 League T56"]
[Site "Internet Chess Club"]
[Date "2013.03.01"]
[Round "2"]
[White "Sqboy13"]
[Black "j65536d"]
[Result "1-0"]
[WhiteElo "1897"]
[BlackElo "1839"]
[Opening "Réti opening"]
[ECO "A04"]
[Time "19:32:44"]
[TimeControl "2700+45"]

1. Nf3 g6 2. c4 Bg7 3. g3 e5 4. Nc3 Nc6 5. Bg2 f5 6. d3 d6 7. Nd5 Nge7 8. O-O
Be6 9. Ng5 Bd7 10. Bd2 h6 11. Nf3 O-O 12. Bc3 a5 13. a3 Nxd5 14. cxd5 Ne7 15.
Nd2 c5 16. dxc6 Bxc6 17. Nc4 a4 18. Bb4 Bxg2 19. Kxg2 d5 20. Bxe7 Qxe7 21. Nb6
Ra5 22. Nxa4 Qd7 23. Nc3 Rc8 24. b4 Ra6 25. Qb3 Rd6 26. e4 Kh7 27. Nxd5 Rdc6 28.
b5 Rc2 29. Nb6 {Black resigns} 1-0

[Event "Team 45 45 League T56"]
[Site "Internet Chess Club"]
[Date "2013.03.10"]
[Round "2"]
[White "PJ"]
[Black "PawnPusher3"]
[Result "1/2-1/2"]
[WhiteElo "1671"]
[BlackElo "1754"]
[Opening "Sicilian: closed, 6.Be3"]
[ECO "B26"]
[Time "14:00:03"]
[TimeControl "2700+45"]

1. e4 c5 2. Nc3 Nc6 3. g3 g6 4. Bg2 Bg7 5. d3 d6 6. Be3 Rb8 7. Qd2 b5 8. f4 b4
9. Nd1 e6 10. Nf3 Nge7 11. O-O O-O 12. Nh4 Nd4 13. c3 bxc3 14. bxc3 Ndc6 15. f5
f6 16. fxg6 hxg6 17. Nf2 g5 18. Nf3 Ng6 19. Bh3 Nge5 20. Nxe5 Nxe5 21. Ng4 {Game
drawn by mutual agreement} 1/2-1/2

[Event "Team 45 45 League T56"]
[Site "Internet Chess Club"]
[Date "2013.02.27"]
[Round "2"]
[White "Goli"]
[Black "scottk74"]
[Result "1-0"]
[WhiteElo "1824"]
[BlackElo "1658"]
[Opening "French: exchange variation"]
[ECO "C01"]
[Time "17:00:39"]
[TimeControl "2700+45"]

1. e4 e6 2. d4 d5 3. exd5 exd5 4. Bd3 Bd6 5. Ne2 Nf6 6. Bg5 h6 7. Bh4 Be6 8.
Nbc3 c6 9. Qd2 O-O 10. O-O-O Nbd7 11. f3 b5 12. Rde1 a5 13. g4 Qc7 14. g5 hxg5
15. Qxg5 b4 16. Rhg1 Bg4 {Black resigns} 1-0

[Event "Team 45 45 League T56"]
[Site "Internet Chess Club"]
[Date "2013.03.01"]
[Round "2"]
[White "byebyebadman"]
[Black "room-matt"]
[Result "1-0"]
[WhiteElo "1869"]
[BlackElo "1785"]
[Opening "Ruy Lopez: fianchetto (Smyslov/Barnes) defense"]
[ECO "C60"]
[Time "15:03:03"]
[TimeControl "2700+45"]

1. e4 e5 2. Nf3 Nc6 3. Bb5 g6 4. d4 exd4 5. Bg5 Be7 6. Bxe7 Qxe7 7. Bxc6 dxc6 8.
Qxd4 Nf6 9. Nc3 Bg4 10. Nd2 O-O 11. f3 Rfd8 12. Qe3 Bd7 13. O-O-O b5 14. g4 a5
15. h4 Nd5 16. Nxd5 cxd5 17. Qh6 a4 18. h5 a3 19. hxg6 axb2+ 20. Kb1 fxg6 21.
exd5 Qg7 22. Ne4 Bc8 23. Qg5 Rf8 24. Rh6 Rxf3 25. Rdh1 Bb7 26. Rxh7 Qxh7 27.
Rxh7 Kxh7 28. Qe7+ Kh6 29. Qh4+ Kg7 30. Qe7+ Kh6 31. g5+ Kh5 32. Qh7+ Kg4 33.
Qxg6 Rfa3 34. Qe6+ Kh4 35. Nc5 Bc8 36. Qh6+ Kg4 37. Ne6 Rxa2 38. g6 Ra1+ 39.
Kxb2 R8a2+ 40. Kc3 Ra3+ 41. Kd2 Bxe6 42. dxe6 Rh3 43. Qf8 Rh2+ 44. Kc3 Rh3+ 45.
Kb2 Rhh1 46. g7 Rab1+ 47. Kc3 Rh3+ 48. Kd4 Rd1+ 49. Ke5 Re3+ 50. Kf6 {Black
resigns} 1-0

[Event "Team 45 45 League T56"]
[Site "Internet Chess Club"]
[Date "2013.03.02"]
[Round "2"]
[White "Ayensa80"]
[Black "Gorongonde"]
[Result "1-0"]
[WhiteElo "1744"]
[BlackElo "1693"]
[Opening "Sicilian: Nimzovich-Rossolimo attack (with ...g6, without ...d6)"]
[ECO "B31"]
[Time "06:00:15"]
[TimeControl "2700+45"]

1. e4 c5 2. Nf3 Nc6 3. Bb5 g6 4. O-O Bg7 5. Bxc6 bxc6 6. c3 d5 7. Qa4 Bd7 8. d3
Qb6 9. Qa3 e5 10. Re1 f6 11. d4 cxd4 12. cxd4 dxe4 13. Rxe4 f5 14. Re1 e4 15.
Bf4 Bxd4 16. Nxd4 Qxd4 17. Nc3 Nf6 18. Rad1 Qb6 19. Bg5 Rf8 20. Qd6 Qd8 21. f3
Qe7 22. fxe4 Qxd6 23. Rxd6 Ke7 24. e5 h6 25. Bxf6+ {Black resigns} 1-0

[Event "Team 45 45 League T56"]
[Site "Internet Chess Club"]
[Date "2013.03.02"]
[Round "2"]
[White "mongmong"]
[Black "Duguesclin"]
[Result "0-1"]
[WhiteElo "1597"]
[BlackElo "1620"]
[Opening "Queen's pawn game"]
[ECO "D04"]
[Time "06:06:51"]
[TimeControl "2700+45"]

1. d4 Nf6 2. Nf3 d5 3. e3 Bg4 4. c4 e6 5. Be2 Bb4+ 6. Bd2 Nc6 7. a3 Bxd2+ 8.
Nbxd2 O-O 9. O-O Qe7 10. Rc1 dxc4 11. Nxc4 Rfd8 12. Qb3 Rab8 13. h3 Bh5 14. Rfe1
Ne4 15. Nfe5 Bxe2 16. Rxe2 Nxe5 17. Nxe5 f6 18. Nf3 Rd6 19. Qc2 Rc6 20. Qb1
Rxc1+ 21. Qxc1 Rc8 22. Qc4 c6 23. b4 b5 24. Qc5 Nxc5 {White resigns} 0-1

[Event "Team 45 45 League T56"]
[Site "Internet Chess Club"]
[Date "2013.03.01"]
[Round "2"]
[White "carokantor"]
[Black "TerryMalloy"]
[Result "1/2-1/2"]
[WhiteElo "2051"]
[BlackElo "2093"]
[Opening "Queen's pawn game"]
[ECO "D00"]
[Time "21:00:17"]
[TimeControl "2700+45"]

1. d4 d5 2. e3 c5 3. c3 Nf6 4. Bd3 Nc6 5. f4 g6 6. Nf3 Bg7 7. Nbd2 O-O 8. Ne5
Qc7 9. O-O b6 10. h3 Bb7 11. Qe1 Nd7 12. Ndf3 e6 13. Bd2 f6 14. Nxd7 Qxd7 15.
Qh4 Rae8 16. dxc5 bxc5 17. Rad1 Ne7 18. b3 Nf5 19. Qf2 e5 20. Nh4 Nxh4 21. Qxh4
e4 22. Be2 f5 23. Be1 Qe7 24. Qxe7 Rxe7 25. g4 Rd7 26. gxf5 gxf5 27. Rf2 Bf6 28.
Rg2+ Rg7 29. a4 Rxg2+ 30. Kxg2 Kf7 31. b4 cxb4 32. cxb4 Rc8 33. b5 Rc2 34. Kf1
Ke6 35. a5 Kd7 36. Rb1 d4 37. exd4 Bd5 38. b6 axb6 39. axb6 Bb7 40. Bf2 Kd6 41.
h4 Bd8 42. h5 {Game drawn by mutual agreement} 1/2-1/2

[Event "Team 45 45 League T56"]
[Site "Internet Chess Club"]
[Date "2013.03.02"]
[Round "2"]
[White "matein7"]
[Black "Tobiasdelmonte"]
[Result "0-1"]
[WhiteElo "1779"]
[BlackElo "1875"]
[Opening "King's Indian: Torre attack"]
[ECO "A48"]
[Time "10:09:42"]
[TimeControl "2700+45"]

1. d4 Nf6 2. Nf3 g6 3. Bg5 Bg7 4. Nbd2 d5 5. e3 O-O 6. c4 c6 7. Rc1 Qb6 8. Qb3
Qa5 9. Bxf6 Bxf6 10. cxd5 cxd5 11. Rc5 Qb6 12. Rb5 Qc6 13. Rc5 Qe8 14. Qxd5 Be6
15. Qxb7 Nd7 16. Rc7 Rb8 17. Qa6 Rxb2 18. Bc4 Qb8 19. O-O Qxc7 {White resigns}
0-1

[Event "Team 45 45 League T56"]
[Site "Internet Chess Club"]
[Date "2013.03.02"]
[Round "2"]
[White "Warpdrive"]
[Black "Buford-Julep"]
[Result "1/2-1/2"]
[WhiteElo "1707"]
[BlackElo "1696"]
[Opening "Sicilian: modern Scheveningen"]
[ECO "B58"]
[Time "20:01:28"]
[TimeControl "2700+45"]

1. e4 c5 2. Nf3 Nc6 3. d4 cxd4 4. Nxd4 Nf6 5. Nc3 d6 6. Be2 e6 7. O-O Be7 8. Bg5
O-O 9. f4 Qb6 10. e5 dxe5 11. fxe5 Bc5 12. exf6 Bxd4+ 13. Kh1 Qxb2 14. Ne4 Qxa1
15. Qxa1 Bxa1 16. Rxa1 Ne5 17. fxg7 Kxg7 18. Bf6+ Kg6 19. Bxe5 Kf5 20. Bd6 Rd8
21. Bd3 e5 22. Rf1+ Ke6 23. Bc4+ Kd7 24. Rxf7+ Kc6 25. Kg1 Rxd6 26. Nxd6 Kxd6
27. Rxh7 Bf5 28. Rxb7 Bxc2 29. Rb2 Be4 30. h4 Rc8 31. Be2 Rc3 32. Kf2 Bd5 33. h5
Ke6 34. Rd2 e4 35. Rb2 Kf6 36. Rb5 e3+ 37. Kg3 Bc6 38. Rb2 Kg5 39. Kh3 Bd7+ 40.
Kg3 {Game drawn by mutual agreement} 1/2-1/2

[Event "Team 45 45 League T56"]
[Site "Internet Chess Club"]
[Date "2013.03.02"]
[Round "2"]
[White "bondguy01"]
[Black "vigneshv"]
[Result "1/2-1/2"]
[WhiteElo "1691"]
[BlackElo "1689"]
[Opening "Nimzo-Indian: Reshevsky variation"]
[ECO "E46"]
[Time "15:12:02"]
[TimeControl "2700+45"]

1. d4 Nf6 2. c4 e6 3. Nc3 Bb4 4. e3 O-O 5. Ne2 d5 6. a3 Be7 7. cxd5 exd5 8. Nf4
c6 9. Bd3 Re8 10. O-O Nbd7 11. f3 Nf8 12. Bc2 Ne6 13. e4 dxe4 14. Nxe6 Bxe6 15.
fxe4 Bg4 16. Qd3 Bh5 17. Bf4 Bg6 18. Rad1 c5 19. d5 Bd6 20. Rde1 Nh5 21. Bxd6
Qxd6 22. Qf3 Nf6 23. Kh1 a6 24. a4 Re7 25. g3 Rae8 26. Qf4 Qxf4 27. Rxf4 Rd7 28.
Rd1 Nh5 29. Rff1 Nf6 30. Rf4 Nh5 31. Rff1 Re5 32. Kg2 Nf6 33. Rf4 Nh5 34. Rff1
Nf6 35. Rf4 Bh5 36. Rd2 Ng4 37. Nd1 Nf6 38. Nc3 Ng4 39. Nd1 Nf6 40. Nc3 {Game
drawn by repetition} 1/2-1/2

[Event "Team 45 45 League T56"]
[Site "Internet Chess Club"]
[Date "2013.03.02"]
[Round "2"]
[White "almond123"]
[Black "mongmong"]
[Result "1/2-1/2"]
[WhiteElo "1493"]
[BlackElo "1592"]
[Opening "French: Tarrasch"]
[ECO "C03"]
[Time "20:03:57"]
[TimeControl "2700+45"]

1. e4 e6 2. d4 d5 3. Nd2 h6 4. Ngf3 Nf6 5. e5 Nfd7 6. Nb3 c5 7. dxc5 Nxc5 8.
Nxc5 Bxc5 9. Bb5+ Bd7 10. Bxd7+ Nxd7 11. O-O Qc7 12. Qe2 O-O 13. Re1 Rac8 14. c3
a6 15. Qd3 Qb6 16. Rf1 Qd8 17. Be3 Bxe3 18. Qxe3 Rc6 19. Rab1 Qb6 20. Qxb6 Rxb6
21. Rfd1 Rc6 22. Rbc1 Rfc8 23. h3 Kf8 24. Kf1 Ke7 25. Ke2 Rc4 26. Kd2 Nc5 27.
Ke2 Re4+ 28. Kd2 Rc4 29. Ke2 Ne4 30. Nd2 Nxd2 31. Kxd2 b5 32. Re1 f6 33. exf6+
Kxf6 34. Re3 Rf4 35. f3 Rfc4 36. Rce1 R8c6 37. Rc1 b4 38. Ree1 bxc3+ 39. Rxc3
Rxc3 40. bxc3 a5 41. Rc1 a4 42. Kd3 Rb6 43. Kc2 Kf5 44. g3 Rc6 45. Kb2 Rc4 46.
Rd1 e5 47. Rxd5 g5 48. Rb5 h5 49. Rb4 Rxb4+ 50. cxb4 g4 51. hxg4+ hxg4 52. fxg4+
Kxg4 53. b5 e4 54. b6 e3 55. b7 e2 56. b8=Q e1=Q 57. Qf4+ Kh3 58. Qxa4 Qe5+ 59.
Ka3 Qc5+ 60. Qb4 Qa7+ 61. Kb3 Qf7+ 62. Qc4 Qb7+ 63. Kc3 Qf3+ 64. Qd3 Qc6+ 65.
Kd2 Qg2+ 66. Qe2 Qd5+ 67. Ke1 Qa5+ 68. Kf2 Qc5+ 69. Qe3 Qc2+ 70. Qe2 Qc5+ 71.
Qe3 Qc2+ 72. Qe2 Qc5+ 73. Kf1 Qc1+ 74. Qe1 Qc4+ 75. Qe2 Qc1+ 76. Kf2 Qc5+ 77.
Qe3 Qc2+ {Game drawn by repetition} 1/2-1/2

[Event "Team 45 45 League T56"]
[Site "Internet Chess Club"]
[Date "2013.02.28"]
[Round "2"]
[White "Grimsey"]
[Black "ilovechess"]
[Result "1-0"]
[WhiteElo "1594"]
[BlackElo "1587"]
[Opening "Grünfeld: exchange variation"]
[ECO "D85"]
[Time "17:46:32"]
[TimeControl "2700+45"]

1. d4 Nf6 2. c4 g6 3. Nc3 d5 4. cxd5 Nxd5 5. e4 Nxc3 6. bxc3 Bg7 7. Bg5 c5 8.
Rc1 Nc6 9. d5 Nb8 10. Bb5+ Bd7 11. Bxd7+ Nxd7 12. c4 Qa5+ 13. Qd2 Qxd2+ 14. Bxd2
O-O 15. Bc3 Nf6 16. f3 Rad8 17. Ne2 e6 18. e5 Nd7 19. dxe6 fxe6 20. f4 Nb6 21.
Ba5 Bh6 22. g3 Rc8 23. Bxb6 axb6 24. O-O Rc6 25. Nc3 Rd8 26. Rcd1 Ra8 27. Rd7
Rb8 28. Rfd1 Bf8 29. Ne4 Ra8 30. Nf6+ Kh8 31. Rxh7# {Black checkmated} 1-0

[Event "Team 45 45 League T56"]
[Site "Internet Chess Club"]
[Date "2013.03.02"]
[Round "2"]
[White "hi12980"]
[Black "JohLeb"]
[Result "0-1"]
[WhiteElo "1690"]
[BlackElo "1383"]
[Opening "Sicilian"]
[ECO "B54"]
[Time "22:00:09"]
[TimeControl "2700+45"]

1. e4 c5 2. Nf3 d6 3. d4 cxd4 4. Nxd4 e5 5. Nb3 Nf6 6. Nc3 Be6 7. f3 Be7 8. Be3
O-O 9. Qd2 a6 10. O-O-O b5 11. Nd5 Nxd5 12. exd5 Bf5 13. g4 Bg6 14. Bd3 Nd7 15.
g5 Bxd3 16. cxd3 g6 17. h4 f5 18. d4 f4 19. Bf2 Nb6 20. dxe5 Nc4 21. Qd4 Nxe5
22. Rh3 Qd7 23. Rdh1 Rac8+ 24. Kb1 Qf5+ 25. Ka1 Rc4 26. Qa7 Rf7 27. Nd4 Qxh3 28.
Re1 Qg2 29. Ne6 Nd3 30. Qb8+ Bf8 31. Nxf8 Rxf8 32. Qxd6 Qxf2 33. Qe6+ Kh8 34.
Qe7 Qxb2# {White checkmated} 0-1

[Event "Team 45 45 League T56"]
[Site "Internet Chess Club"]
[Date "2013.02.28"]
[Round "2"]
[White "rgadoury"]
[Black "browndeer"]
[Result "1/2-1/2"]
[WhiteElo "1203"]
[BlackElo "1415"]
[Opening "Grünfeld: Three knights variation"]
[ECO "D90"]
[Time "21:02:07"]
[TimeControl "2700+45"]

1. d4 Nf6 2. c4 g6 3. Nf3 Bg7 4. Nc3 d5 5. cxd5 Nxd5 6. Nxd5 Qxd5 7. e3 O-O 8.
Be2 Nc6 9. O-O e6 10. Bd2 a6 11. Rc1 Qd6 12. a3 Re8 13. Bc3 Qe7 14. Rc2 Bd7 15.
b4 Na7 16. Re1 Ba4 17. e4 Bxc2 18. Qxc2 Nc6 19. e5 Qd7 20. Rd1 Ne7 21. a4 Nd5
22. Bd2 Rab8 23. Ng5 Nb6 24. a5 Nd5 25. Ne4 Rec8 26. Nc5 Qe7 27. Rb1 c6 28. Ne4
Bf8 29. Bg5 Qc7 30. Bd2 Kh8 31. Bf3 b6 32. axb6 Qxb6 33. Nc5 Qb7 34. Nxb7 Rxb7
35. Bxd5 exd5 36. f3 Be7 37. g3 Kg7 38. h4 Rbb8 39. Kg2 Rb6 40. Qa4 Ra8 41. Bg5
Bf8 42. Rb3 Rab8 43. Bd2 h6 44. g4 Be7 45. Kh3 Kh7 46. g5 h5 47. f4 Kg7 48. Rf3
{Game drawn by mutual agreement} 1/2-1/2

[Event "Team 45 45 League T56"]
[Site "Internet Chess Club"]
[Date "2013.03.03"]
[Round "2"]
[White "bmw2002"]
[Black "Invicta-Knight"]
[Result "0-1"]
[WhiteElo "1583"]
[BlackElo "1474"]
[Opening "English, 1...Nf6 (Anglo-Indian defense)"]
[ECO "A15"]
[Time "08:16:15"]
[TimeControl "2700+45"]

1. c4 Nf6 2. g3 g6 3. Bg2 c5 4. Nc3 Nc6 5. e4 Bg7 6. Nge2 O-O 7. O-O d6 8. d3
Ng4 9. h3 Nge5 10. f4 Nd7 11. a3 Rb8 12. Rb1 b6 13. e5 Bb7 14. exd6 exd6 15. Nb5
Qf6 16. Bxc6 Bxc6 17. Nxa7 Bb7 18. Nb5 Bc6 19. Nbc3 Rfe8 20. Rf2 Qe6 21. Kh2 Qf5
22. d4 cxd4 23. Nxd4 Bxd4 24. Qxd4 Re1 25. g4 Rh1+ 26. Kg3 Rg1+ 27. Kh2 Rh1+ 28.
Kg3 Rg1+ 29. Kh4 Qf6+ 30. Qxf6 Nxf6 31. Be3 Rxb1 32. Nxb1 Ne4 33. Re2 b5 34.
cxb5 Rxb5 35. Bd4 h6 36. Nc3 g5+ 37. fxg5 hxg5+ 38. Kh5 Ng3+ 39. Kh6 Nxe2 40.
Nxe2 Bg2 41. Bg7 d5 42. Nd4 Rb6+ 43. Kxg5 Kxg7 44. Nf5+ Kf8 45. b4 Bxh3 46. Ne3
d4 47. Nd5 Rb5 {White resigns} 0-1